 Dungeon Crawl Stone Soup version 0.29-a0-1043-g569b05d6ff (webtiles) character file.

Game seed: 9577502340305718316

1616 jlumianski the Chopper (level 8, -7/54 HPs)
             Began as a Demonspawn Gladiator on Aug 15, 2022.
             Was a Follower of Hepliaklqana.
             Killed from afar by a deep elf zephyrmancer (25 damage)
             ... with a bolt of lightning
             ... on level 6 of the Dungeon.
             The game lasted 00:22:13 (6765 turns).

jlumianski the Chopper (Demonspawn Gladiator)       Turns: 6765, Time: 00:22:14

Health: -7/54      AC: 16    Str: 17    XL:     8   Next: 64%
Magic:  10/10      EV:  7    Int:  9    God:    Hepliaklqana [*.....]
Gold:   333        SH:  5    Dex: 15    Spells: 7/7 levels left

rFire   . . .      SeeInvis .   a - +0 war axe
rCold   + . .      Faith    .   (no shield)
rNeg    . . .      Spirit   .   E - +0 plate armour
rPois   .          Reflect  +   c - +2 helmet
rElec   .          Harm     .   i - +1 cloak
rCorr   .          Rampage  .   (no gloves)
Will    .....                   (no boots)
Stlth   ..........              q - amulet of reflection
HPRegen 0.18/turn               p - ring of protection from cold
MPRegen 0.12/turn               (no ring)

@: no status effects
A: reduced essence, demonic guardian 1, foul stench 1, sturdy frame 1, weakness
stinger 1
a: Renounce Religion, Recall Ancestor, Ancestor Identity


You were on level 6 of the Dungeon.
You worshipped Hepliaklqana.
Hepliaklqana was aware of your devotion.
You visited 2 branches of the dungeon, and saw 8 of its levels.

You collected 333 gold pieces.

Inventory:

Hand Weapons
 a - a +0 war axe (weapon)
 f - a +2 dagger of venom
 l - a +0 sling
 D - a +2 mace of protection
Missiles
 d - 3 throwing nets
 e - a javelin
 h - 102 stones
 o - 3 boomerangs (quivered)
Armour
 b - a +0 leather armour
 c - a +2 helmet (worn)
 g - a +0 chain mail
 i - a +1 cloak (worn)
 r - a +2 hat
 E - a +0 plate armour (worn)
Jewellery
 p - a ring of protection from cold (left hand)
 q - an amulet of reflection (around neck)
Wands
 t - a wand of flame (18)
Scrolls
 n - a scroll of amnesia {unknown}
 u - a scroll of teleportation
 v - a scroll of magic mapping
 y - 2 scrolls of vulnerability {unknown}
 A - a scroll of acquirement {unknown}
 C - a scroll of noise {unknown}
 F - a scroll of blinking {unknown}
Potions
 j - 2 potions of flight
 k - a potion of might
 m - a potion of degeneration
 s - 3 potions of lignification
 w - a potion of haste
 x - a potion of attraction {unknown}
 z - a potion of berserk rage {unknown}
 B - 3 potions of curing


   Skills:
 + Level 3.9 Fighting
 + Level 7.3 Axes
 + Level 2.0 Throwing
 + Level 2.3 Armour
 + Level 4.2 Dodging
 * Level 3.0 Stealth
 - Level 1.3 Shields
 * Level 3.2 Invocations
 * Level 2.5 Evocations


You had 7 spell levels left.
You didn't know any spells.
Your spell library contained the following spells:

 Spells                   Type           Power      Damage    Failure   Level
 Apportation              Tloc           0%         N/A       100%        1
 Magic Dart               Conj           0%         1d3       100%        1
 Necrotise                Necr           0%         1d4       100%        1
 Sandblast                Erth           0%         2d4       100%        1
 Summon Small Mammal      Summ           0%         N/A       100%        1
 Passwall                 Tmut/Erth      0%         N/A       100%        2
 Searing Ray              Conj           0%         2d4       100%        2
 Dazzling Flash           Conj/Hex       0%         N/A       100%        3
 Stone Arrow              Conj/Erth      0%         3d7       100%        3
 Fulminant Prism          Conj/Hex       0%         3d6       100%        4
 Iskenderun's Mystic Bla  Conj/Tloc      0%         2d3       100%        4
 Starburst                Conj/Fire      0%         6d3       100%        6


Dungeon Overview and Level Annotations

Branches:
Dungeon (7/15)             Temple (1/1) D:6

Altars:
Ashenzari
Dithmenos
Fedhas
Gozag
Hepliaklqana
Kikubaaqudgha
Makhleb
Nemelex Xobeh
Okawaru
Qazlal
Ru
Sif Muna
Trog
Uskayaw
Vehumet
Wu Jian
Yredelemnul

Shops:
D:2 (:[*


Innate Abilities, Weirdness & Mutations

Your life essence is reduced to manifest your ancestor. (-10% HP)
A weak demonic guardian rushes to your aid.
You may rarely emit foul miasma when damaged in melee.
Your movements are slightly less encumbered by armour. (ER -2)
You have a small tail.


Message History

You open the door.
There is an open door here.
F - a scroll labelled UDUYPLUYDE
Found a granite statue.
Found a robe.
Found a cloak.
Found a stone staircase leading down.
G - a scroll of identify
Okay, then.
Unknown command.
Unknown command.
As you read the scroll of identify, it crumbles to dust.
w - a potion of haste You see here a +0 cloak.
You open the gate.
A deep elf zephyrmancer comes into view.
It is wielding a +4 short sword.
The deep elf zephyrmancer shouts!
The deep elf zephyrmancer casts a spell at you.
The bolt of lightning hits you!
Found 10 gold pieces and 4 poisoned darts.
The deep elf zephyrmancer casts a spell at you.
The bolt of lightning misses you.
The bolt of lightning hits Eshargamelat!!
There is an open gate here.
The deep elf zephyrmancer hits you with a +4 short sword.
You hit the deep elf zephyrmancer but do no damage.
You slash the plant!
The plant begins to die.
The deep elf zephyrmancer points at you and mumbles some strange words.
The bolt of lightning hits you!!
A demonic guardian appears!
The deep elf zephyrmancer hits you but does no damage.
You barely miss the deep elf zephyrmancer.
You hit the plant.
The deep elf zephyrmancer gestures wildly while chanting.
The deep elf zephyrmancer blinks!
Your quasit bites the plant.
Your quasit claws the plant. x2
Eshargamelat closely misses the deep elf zephyrmancer.
A nearby plant withers and dies.
The deep elf zephyrmancer points at you and mumbles some strange words.
The bolt of lightning hits you!!
You die...

...........#..[...#
...........#......#
...........##.....#
...........##.....#
..................####
##....##.............#
##....##.###########.#
.#....'..# +(ยง8'..#.#
.#....##.# +.5.@e.#.#
.#....#..# +...R..#.#
.#.......#..#+++#..#.#
##....##.#..#...#..#.#
##....##.#..#...#..#.#
......##.#..#...#..#.#
......##.#..#...#..#.#
......#..#..#...#[.#.#
......#..#..8...8..#.#


You could see the friendly Eshargamelat the ancestor, a deep elf zephyrmancer
(ally target) and a friendly quasit (summoned).

Vanquished Creatures
  Grinder (D:4)
  Edmund (D:4)
  A water moccasin (D:5)
  An orc warrior (D:6)
  A black bear (D:4)
  2 ice beasts (D:6)
  An ogre (D:4)
  A phantom (D:4)
  A necrophage (D:4)
  An orc priest (D:5)
  Ijyb (D:3)
  2 gnoll boudas
  2 iguanas
  2 orc wizards (D:5)
  15 gnolls
  9 adders
  3 ufetubi
  2 worms
  2 dart slugs
  12 orcs
  5 endoplasms
  9 giant cockroaches
  2 goblins
  6 hobgoblins
  4 jackals (D:2)
  2 quokkas
  8 ball pythons
  5 bats
  2 frilled lizards (D:2)
  5 kobolds
  2 rats (D:1)
111 creatures vanquished.

Vanquished Creatures (collateral kills)
  An orc wizard (D:5)
  2 gnolls
  2 endoplasms
  A giant cockroach (D:2)
  3 kobolds
  A rat (D:1)
10 creatures vanquished.

Vanquished Creatures (others)
  An ancestor (D:6)
  7 demonic plants (D:1)
  10 plants
18 creatures vanquished.

Grand Total: 139 creatures vanquished

Notes
Turn   | Place    | Note
-------+----------+-------------------------------------------
     0 | D:1      | jlumianski the Demonspawn Gladiator began the quest for the
                  | Orb.
     0 | D:1      | Reached XP level 1. HP: 16/16 MP: 1/1
   201 | D:1      | Gained mutation: A weak demonic guardian rushes to your
                  | aid. [demonic ancestry]
   201 | D:1      | Reached XP level 2. HP: 21/22 MP: 2/2
   221 | D:1      | Reached skill level 3 in Axes
   417 | D:1      | Found a faded altar of an unknown god.
   816 | D:2      | Found Uno Geof's Antique Weapon Boutique.
   826 | D:2      | Found Yfarchuutz's Book Emporium.
   862 | D:2      | Gained mutation: You may rarely emit foul miasma when
                  | damaged in melee. [demonic ancestry]
   862 | D:2      | Reached XP level 3. HP: 17/27 MP: 3/3
  1168 | D:2      | Found Toc Lease's Armour Shoppe.
  1195 | D:2      | Found Reri's General Store.
  1770 | D:3      | Gained mutation: You have a small tail. [demonic ancestry]
  1770 | D:3      | Reached XP level 4. HP: 34/34 MP: 4/4
  1996 | D:3      | Noticed Ijyb
  2012 | D:3      | Killed Ijyb
  2166 | D:3      | Reached skill level 1 in Armour
  2240 | D:3      | Reached skill level 4 in Axes
  2282 | D:3      | Reached skill level 1 in Stealth
  2290 | D:3      | Gained mutation: Your movements are slightly less
                  | encumbered by armour. (ER -2) [demonic ancestry]
  2290 | D:3      | Reached XP level 5. HP: 33/39 MP: 5/5
  2684 | D:4      | Noticed a black bear
  2684 | D:4      | Found an opulent altar of Gozag.
  2790 | D:4      | Killed a black bear
  2802 | D:4      | You fall into a shaft and drop 3 floors!
  2849 | D:6      | Reached XP level 6. HP: 40/46 MP: 6/6
  2897 | D:6      | Found a staircase to the Ecumenical Temple.
  2911 | Temple   | Entered the Ecumenical Temple
  2941 | Temple   | Became a worshipper of Hepliaklqana the Forgotten
  2963 | D:5      | Entered Level 5 of the Dungeon
  3310 | D:4      | Reached skill level 5 in Axes
  3630 | D:5      | Found a hide-covered altar of Uskayaw.
  3908 | D:4      | Reached XP level 7. HP: 50/52 MP: 7/7
  4180 | D:4      | Noticed Grinder
  4206 | D:4      | Killed Grinder
  4207 | D:4      | Reached skill level 6 in Axes
  4207 | D:4      | Reached skill level 1 in Shields
  4420 | D:4      | Noticed Edmund
  4445 | D:4      | Killed Edmund
  4446 | D:4      | Reached skill level 1 in Invocations
  4694 | D:4      | Reached skill level 1 in Evocations
  4838 | D:5      | Found a blossoming altar of Fedhas.
  4900 | D:6      | Reached XP level 8. HP: 49/60 MP: 9/9
  5958 | D:6      | Reached skill level 7 in Axes
  6061 | D:6      | Reached * piety under Hepliaklqana
  6758 | D:6      | Noticed a deep elf zephyrmancer
  6765 | D:6      | Killed from afar by a deep elf zephyrmancer

Illustrated notes

Levels and vault maps discovered:
D:1:      minmay_arrival_jagged, layout_rooms, shapermc_ecumenical_altar_gd,
          hangedman_decor_diamond_cutter
D:2:      minmay_roachtagon, layout_basic, serial_shops,
          nicolae_shop_overgrown_old_shop, nicolae_shop_hallway_plus,
          nicolae_shop_behind_doors, shop, grunt_ministairs_13
D:3:      layout_basic, minivault_23, uniq_ijyb
D:4:      layout_rooms, nicolae_gozag_seed_capital, uniq_edmund, uniq_grinder
D:5:      layout_loops_cross, mainiacjoe_overflow_tiny_flanked,
          eat_drink_and_be_merry_uskayaw, serial_bayou_lake_a
D:6:      layout_gridville, minmay_temple_entry_offerings,
          guppyfry_early_elven_hall
D:7:      layout_gridville, gammafunk_temple_overflow_pools
Temple:   hellmonk_temple_two_chambers

Skill      XL: |  1  2  3  4  5  6  7  8 |
---------------+-------------------------+-----
Dodging        | 3 4 |  4.2
Axes           | 3 4 5 6 7 |  7.3
Armour         | 1 2 |  2.3
Stealth        | 1 2 3 |  3.0
Fighting       | 3 |  3.9
Shields        | 1 |  1.3
Throwing       | 2 |  2.0
Invocations    | 2 3 |  3.2
Evocations     | 1 2 |  2.5

Action                   |  1- 3 |  4- 6 |  7- 9 || total
-------------------------+-------+-------+-------++-------
Melee: War axe           |   136 |   115 |   187 ||   438
       Punch             |     1 |     1 |     1 ||     3
       Tailslap          |       |    23 |    25 ||    48
Throw: Stone             |       |     1 |       ||     1
       Boomerang         |       |     4 |     1 ||     5
Evoke: Wand              |       |       |     3 ||     3
  Use: Scroll            |       |     9 |     2 ||    11
       Potion            |       |     3 |       ||     3
 Stab: Distracted        |       |     3 |     1 ||     4
       Sleeping          |       |       |     1 ||     1
Armor: Leather armour    |    61 |    40 |     6 ||   107
       Chain mail        |       |       |    66 ||    66
       Plate armour      |       |       |     1 ||     1
Dodge: Dodged            |    97 |    89 |    94 ||   280
Block: Other             |     6 |    28 |    51 ||    85

Table legend: (Time is in decaauts)
 A = Elapsed time spent in this place.
 B = Non-inter-level travel time spent in this place.
 C = Inter-level travel time spent in this place.
 D = Time resting spent in this place.
 E = Time spent auto-exploring this place.
 F = Levels seen in this place.
 G = Mean time per level.
                   A        B        C        D        E       F      G
               +--------+--------+--------+--------+--------+-----+--------+
         Total |   6928 |   6812 |    116 |   1552 |   3096 |   8 |  866.0 |
       Dungeon |   6891 |   6775 |    116 |   1552 |   3096 |   7 |  984.4 |
        Temple |     36 |     36 |      0 |      0 |      0 |   1 |   36.0 |
               +--------+--------+--------+--------+--------+-----+--------+

Top non-repeatable levels by time:
     D:5: 1903 daAuts
     D:3: 1526 daAuts
     D:4: 1249 daAuts
     D:1: 836 daAuts
     D:2: 792 daAuts
     D:6: 542 daAuts
     D:7: 39 daAuts
  Temple: 36 daAuts
